 Dungeon Crawl Stone Soup version 0.17.1-1-g73c8601 (webtiles) character file.

599 PossumBlood the Carver (level 7, -3/57 HPs)
             Began as a Minotaur Fighter on Jan 6, 2016.
             Slain by Blork the orc
             ... wielding a +0 battleaxe
              (14 damage)
             ... on level 5 of the Dungeon.
             The game lasted 00:10:43 (3091 turns).

PossumBlood the Carver (Minotaur Fighter)           Turns: 3091, Time: 00:10:43

Health: -3/57      AC:  9    Str: 19    XL:     7   Next: 17%
Magic:  6/6        EV:  8    Int:  5    God:
Gold:   108        SH: 10    Dex:  9    Spells: 0 memorised, 6 levels left

rFire  . . .     SeeInvis .     a - +0 long sword
rCold  . . .     Clarity  .     h - +3 ring mail
rNeg   . . .     SustAt   .     c - +1 shield
rPois  +         Gourm    .     (helmet restricted)
rElec  .         Spirit   .     g - +0 cloak
rCorr  .         Warding  .     (no gloves)
rMut   .         Stasis   .     (no boots)
MR     .....                    (no amulet)
Stlth  ..........               q - -4 ring of strength (curse)
                                v - ring of poison resistance

@: not resistant to hostile enchantments, extremely unstealthy
A: retaliatory headbutt, horns 2
a: no special abilities


You were on level 5 of the Dungeon.
You were not hungry.

You visited 2 branches of the dungeon, and saw 6 of its levels.

You collected 152 gold pieces.
You spent 44 gold pieces at shops.

Inventory:

Hand Weapons
 a - a +0 long sword (weapon)
Armour
 b - a +0 scale mail
 c - a +1 shield (worn)
 g - a +0 cloak (worn)
 h - a +3 ring mail (worn)
Jewellery
 p - an uncursed ring of protection from cold
 q - a cursed -4 ring of strength (right hand)
 u - an uncursed ring of protection from cold
 v - a ring of poison resistance (left hand)
 x - an uncursed amulet of stasis {unknown}
Wands
 y - a wand of paralysis (11)
 z - a wand of enslavement (8)
Scrolls
 i - a scroll of recharging
 w - a scroll of enchant armour
Potions
 f - a potion of magic {unknown}
 n - 3 potions of agility
 o - a potion of heal wounds {unknown}
 r - a potion of invisibility {unknown}
 s - a potion of poison {unknown}
Comestibles
 e - 4 bread rations
 j - 3 fruits
 l - a meat ration
 A - a slice of pizza


   Skills:
 - Level 3.6 Fighting
 * Level 9.5 Long Blades
 - Level 3.6 Armour
 - Level 3.6 Shields


You had 6 spell levels left.
You didn't know any spells.

Dungeon Overview and Level Annotations

Branches:
Dungeon (5/15)             Temple (1/1) D:4

Altars:
Ashenzari
Cheibriados
Elyvilon
Fedhas
Okawaru
Qazlal
Sif Muna
Vehumet
The Shining One

Shops:
D:4 *

Annotations:
D:5 Blork the orc; PossumBlood's ghost, novice MiFi


Innate Abilities, Weirdness & Mutations

You reflexively headbutt those who attack you in melee.
You have a pair of horns on your head.


Message History

You are too injured to fight recklessly!
You slash Blork the orc!
Blork the orc is severely wounded.
Blork the orc casts a spell at you. The puff of frost misses you.
You barely miss Blork the orc. Your headbutt misses Blork the orc.
Blork the orc is severely wounded.
You block Blork the orc's attack.
You barely miss Blork the orc.
Blork the orc is severely wounded.
You completely miss Blork the orc. Your headbutt misses Blork the orc.
Blork the orc is severely wounded.
Blork the orc drinks a potion.
Blork the orc is healed!
You hit Blork the orc. Your headbutt misses Blork the orc.
Blork the orc is severely wounded.
Blork the orc drinks a potion.
Blork the orc is healed!
You hit Blork the orc.
Blork the orc is heavily wounded.
Blork the orc hits you with a battleaxe!
You die...

....$.o[####...g...).....<
......gg..###.........$...
.......o.................#
...........##....#.......#
.................#.......#
..........#.....##........
...###.รท.##...).##.....>..
.........##...##..........
.........#......@.........
.........#.....o######....
.........#.....# #...
......####....# #.# ......
#...# ## ...... .... ......
... ..


You could see Blork the orc.

Vanquished Creatures
  A phantom (D:4)
  An ogre (D:5)
  The ghost of DeXoteric the Chopper, a weakling MiBe of Trog (D:3)
  Crazy Yiuf (D:2)
  2 orc priests (D:4)
  2 worker ants (D:5)
  An iguana (D:4)
  An orc wizard (D:4)
  4 gnolls (D:5)
  7 adders
  2 oozes
  2 worms (D:2)
  An adder skeleton (D:4)
  6 giant geckos
  4 orcs
  2 ball pythons
  9 bats
  5 giant cockroaches
  3 hobgoblins
  3 jackals (D:2)
  A ball python skeleton (D:5)
  7 giant newts
  4 goblins
  7 kobolds
  9 rats
86 creatures vanquished.

Notes
Turn   | Place    | Note
--------------------------------------------------------------
     0 | D:1      | PossumBlood the Minotaur Fighter began the quest for the Orb.
     0 | D:1      | Reached XP level 1. HP: 19/19 MP: 0/0
   108 | D:1      | Reached XP level 2. HP: 23/26 MP: 1/1
   363 | D:1      | Reached skill level 4 in Long Blades
   555 | D:2      | Reached XP level 3. HP: 31/31 MP: 2/2
   597 | D:2      | Noticed Crazy Yiuf
   605 | D:2      | Killed Crazy Yiuf
   605 | D:2      | Reached skill level 5 in Long Blades
   858 | D:2      | Reached XP level 4. HP: 39/39 MP: 3/3
  1053 | D:2      | Found a blossoming altar of Fedhas.
  1479 | D:3      | Noticed DeXoteric's ghost (weakling MiBe)
  1489 | D:3      | Killed DeXoteric's ghost
  1489 | D:3      | Reached skill level 6 in Long Blades
  1489 | D:3      | Reached XP level 5. HP: 39/45 MP: 4/4
  1662 | D:3      | Found a faded altar to an unknown god.
  1807 | D:3      | Found an iron altar of Okawaru.
  1819 | D:3      | Reached skill level 7 in Long Blades
  1933 | D:4      | Found a staircase to the Ecumenical Temple.
  1951 | Temple   | Entered the Ecumenical Temple
  2061 | D:4      | Reached XP level 6. HP: 26/51 MP: 5/5
  2301 | D:4      | Noticed a phantom
  2332 | D:4      | Killed a phantom
  2332 | D:4      | Reached skill level 8 in Long Blades
  2562 | D:4      | Found Pujap's Assorted Antiques.
  2568 | D:4      | Bought a scroll labeled GAMI OPPOBEN for 22 gold pieces
  2568 | D:4      | Bought a scroll labeled DYNGUC VEUPH for 22 gold pieces
  2712 | D:4      | You fall through a shaft!
  2712 | D:5      | Entered Level 5 of the Dungeon
  2725 | D:5      | Noticed PossumBlood's ghost (novice MiFi)
  2731 | D:5      | Reached skill level 9 in Long Blades
  2731 | D:5      | Reached XP level 7. HP: 38/57 MP: 6/6
  3078 | D:5      | Noticed Blork the orc
  3091 | D:5      | Slain by Blork the orc

Action                   |  1- 3 |  4- 6 |  7- 9 || total
-------------------------+-------+-------+-------++-------
Melee: Long sword        |    69 |   141 |    26 ||   236
  Use: Scroll            |     5 |     6 |     3 ||    14
       Potion            |     1 |     1 |     5 ||     7
  Eat: Beef jerky        |       |     1 |       ||     1
       Fruit             |       |     3 |     1 ||     4
       Royal jelly       |       |     1 |       ||     1
